 Dungeon Crawl Stone Soup version 0.31-a0-4-gefa6de2278 (webtiles) character file.

Game seed: 1981109413072906155

1558 DavidChitty2 the Cleaver (level 8, -2/71 HPs)
             Began as a Minotaur Fighter on May 3, 2023.
             Slain by a vampire mosquito (6 damage)
             ... on level 6 of the Dungeon.
             The game lasted 00:07:45 (4500 turns).

DavidChitty2 the Cleaver (Minotaur Fighter)         Turns: 4500, Time: 00:07:46

Health: -2/71      AC: 24    Str: 24    XL:     8   Next: 58%
Magic:  7/7        EV:  6    Int:  5    God:
Gold:   256        SH:  5    Dex:  9    Spells: 7/7 levels left

rFire   . . .        a - +1 war axe
rCold   . . .        c - +0 buckler
rNeg    . . .        v - +0 plate armour
rPois   .            (helmet restricted)
rElec   .            w - +1 cloak
rCorr   .            (no gloves)
SInv    .            k - +0 pair of boots
Will    .....        (no amulet) Stlth
                     o - +4 ring of protection
HPRegen 0.31/turn    q - +4 ring of protection
MPRegen 0.10/turn

%: no passive effects
@: mighty, lethally poisoned (-2 -> -17)
A: horns 2, retaliatory headbutt
a: no special abilities


You were on level 6 of the Dungeon.
You visited 1 branch of the dungeon, and saw 6 of its levels.

You collected 256 gold pieces.

Inventory:

Hand Weapons
 a - a +1 war axe (weapon)
 b - a +5 flail of protection
   (You took it off Edmund on level 4 of the Dungeon)
Missiles
 m - 5 curare-tipped darts (quivered) {!f}
Armour
 c - a +0 buckler (worn)
 k - a +0 pair of boots (worn)
   (You found it on level 1 of the Dungeon)
 v - a +0 plate armour (worn)
   (You found it on level 4 of the Dungeon)
 w - a +1 cloak (worn)
   (You took it off Crazy Yiuf on level 3 of the Dungeon)
Jewellery
 o - a +4 ring of protection (left hand)
   (You found it on level 2 of the Dungeon)
 q - a +4 ring of protection (right hand)
   (You found it on level 2 of the Dungeon)
Wands
 t - a wand of flame (19)
   (You took it off Crazy Yiuf on level 3 of the Dungeon)
Scrolls
 i - a scroll of teleportation {@r4}
 n - 2 scrolls of fog
 r - a scroll of fear
 y - a scroll of enchant weapon
Potions
 d - a potion of might
 e - 3 potions of degeneration {!q}
 g - a potion of lignification {unknown}
 h - a potion of cancellation
 l - a potion of haste {unknown}
 p - 4 potions of mutation {!q}


   Skills:
 + Level 6.9 Fighting
 * Level 8.5 Axes
 + Level 6.8 Armour
 + Level 6.8 Shields


You had 7 spell levels left.
You didn't know any spells.
Your spell library contained the following spells:

 Spells                   Type           Power      Damage    Failure   Level
 Sting                    Tmut/Pois      0%         1d3       100%        1
 Poisonous Vapours        Pois/Air       0%         N/A       100%        2
 Stone Arrow              Conj/Erth      0%         3d7       100%        3
 Animate Armour           Summ/Erth      0%         N/A       100%        4
 Olgreb's Toxic Radiance  Pois           0%         N/A       100%        4
 Lehudib's Crystal Spear  Conj/Erth      0%         10d2      100%        8


Dungeon Overview and Level Annotations

Branches:
Dungeon (6/15)             Temple (0/1) D:4

Altars:
Elyvilon
Ru

Shops:
D:2 ?   D:3 *


Innate Abilities, Weirdness & Mutations

You have a pair of horns on your head.
You reflexively headbutt those who attack you in melee.


Message History

You feel very sick. Something hits you but does no damage.
The orc warrior hits you but does no damage.
You are more poisoned.
You see here a vampire mosquito corpse.
Unknown command.
You slash the orc warrior! You barely miss the vampire mosquito.
You hit something. You hit the vampire mosquito.
You feel very sick.
The vampire mosquito bites you but does no damage.
You block the vampire mosquito's attack.
The vampire mosquito bites you.
* * * LOW HITPOINT WARNING * * *
The vampire mosquito draws strength from your injuries!
The vampire mosquito bites you but does no damage.
The orc warrior hits you but does no damage.
Something hits you.
* * * LOW HITPOINT WARNING * * *
Something shocks you.
* * * LOW HITPOINT WARNING * * *
The vampire mosquito bites you but does no damage.
The vampire mosquito barely misses you.
You slash the orc warrior! You closely miss the vampire mosquito.
You slash the vampire mosquito! You closely miss something.
You feel very sick.
The vampire mosquito bites you but does no damage.
The vampire mosquito barely misses you.
The orc warrior hits you but does no damage.
You are lethally poisoned!
You block something's attack. The vampire mosquito bites you.
* * * LOW HITPOINT WARNING * * *
The vampire mosquito draws strength from your injuries!
The vampire mosquito bites you but does no damage.
You feel very mighty all of a sudden.
* * * LOW HITPOINT WARNING * * *
You feel very sick.
You block the vampire mosquito's attack.
The vampire mosquito bites you but does no damage.
Something hits you but does no damage.
The orc warrior hits you but does no damage.
You are more poisoned.
The vampire mosquito bites you but does no damage. x2
You slash the orc warrior!
You kill the orc warrior!
You slash the vampire mosquito! You miss something.
You miss the vampire mosquito.
* * * LOW HITPOINT WARNING * * *
You feel very sick. The vampire mosquito bites you.
You die...

.. .. ... .. ...
.# ... .# . #..
###.## ##.
#.#..##.#..#....
#.......)..#?..#
........@{....##
........yy......
........).......
................
##....##........
#.......##......
#........_.[....
#...............
##......<.>.....


You could see 2 vampire mosquitoes.

Vanquished Creatures
  A wyvern (D:4)
  2 vampire mosquitoes (D:6)
  Edmund (D:4)
  An orc warrior (D:6)
  An ice beast (D:5)
  A black bear (D:5)
  An ogre (D:5)
  3 scorpions
  2 hounds (D:5)
  A jelly (D:4)
  Crazy Yiuf (D:3)
  A gnoll bouda (D:5)
  2 orc priests
  2 iguanas (D:5)
  3 orc wizards
  7 adders
  7 gnolls
  A shadow imp (D:5)
  A white imp (D:6)
  4 dart slugs
  6 orcs (D:5)
  10 endoplasms
  4 giant cockroaches
  11 goblins
  5 hobgoblins
  6 quokkas
  8 ball pythons
  3 bats (D:1)
  6 frilled lizards
  12 kobolds
  8 rats
122 creatures vanquished.

Vanquished Creatures (others)
  An orc wizard (D:5)
1 creature vanquished.

Grand Total: 123 creatures vanquished

Notes
Turn   | Place    | Note
-------+----------+-------------------------------------------
     0 | D:1      | DavidChitty2 the Minotaur Fighter began the quest for the
                  | Orb.
     0 | D:1      | Reached XP level 1. HP: 19/19 MP: 0/0
    76 | D:1      | Reached XP level 2. HP: 27/27 MP: 1/1
   126 | D:1      | Reached skill level 3 in Axes
   422 | D:1      | Reached XP level 3. HP: 33/33 MP: 2/2
  1506 | D:2      | Found Teoth's Magic Scroll Emporium.
  1648 | D:3      | Reached XP level 4. HP: 40/40 MP: 3/3
  1652 | D:3      | Found Dipnen's Assorted Antiques.
  1981 | D:3      | Reached skill level 4 in Axes
  2198 | D:3      | Found a runed translucent door.
  2199 | D:3      | Noticed Crazy Yiuf
  2206 | D:3      | Killed Crazy Yiuf
  2463 | D:4      | Reached XP level 5. HP: 47/47 MP: 4/4
  2518 | D:4      | Noticed a wyvern
  2528 | D:4      | Killed a wyvern
  2529 | D:4      | Reached skill level 5 in Axes
  2529 | D:4      | Reached XP level 6. HP: 21/55 MP: 5/5
  2838 | D:4      | Reached skill level 5 in Fighting
  2838 | D:4      | Reached skill level 5 in Armour
  2838 | D:4      | Reached skill level 5 in Shields
  2879 | D:4      | Noticed Edmund
  2905 | D:4      | Killed Edmund
  2906 | D:4      | Reached skill level 6 in Axes
  3248 | D:4      | Found a staircase to the Ecumenical Temple.
  3270 | D:4      | Reached XP level 7. HP: 61/61 MP: 6/6
  3340 | D:5      | Entered Level 5 of the Dungeon
  3600 | D:5      | Reached skill level 7 in Axes
  3902 | D:5      | Reached XP level 8. HP: 52/70 MP: 7/7
  4271 | D:5      | Found a white marble altar of Elyvilon.
  4370 | D:6      | Found a sacrificial altar of Ru.
  4488 | D:6      | Reached skill level 8 in Axes
  4500 | D:6      | Slain by a vampire mosquito

Illustrated notes

Levels and vault maps discovered:
D:1:      matt_arrival_los_fun, layout_basic
D:2:      layout_basic, serial_shops, shop, kennysheep_generic_room_9
D:3:      layout_loops_ring, serial_shops, shop, glass_columns_b,
          roderic_lattice_a, uniq_crazy_yiuf_cottage
D:4:      layout_basic, temple_doors_ab, hangedman_decor_riveting, uniq_edmund
D:5:      layout_loops_ring, lemuel_coloured_pillars_altar
D:6:      layout_cave_pools, overflow_temple_1_default

Skill      XL: |  1  2  3  4  5  6  7  8 |
---------------+-------------------------+-----
Axes           | 3 4 5 6 7 8 |  8.5
Shields        | 4 5 6 |  6.8
Armour         | 4 5 6 |  6.8
Fighting       | 4 5 6 |  6.9

Action                     |  1- 3 |  4- 6 |  7- 9 || total
---------------------------+-------+-------+-------++-------
  Melee: War axe           |    86 |   103 |   101 ||   290
         Headbutt          |    16 |    22 |     9 ||    47
    Use: Scroll            |       |       |    13 ||    13
         Potion            |       |       |     5 ||     5
 Armour: Scale mail        |    46 |     9 |       ||    55
         Chain mail        |       |    40 |       ||    40
         Plate armour      |       |       |   148 ||   148
  Dodge: Dodged            |    32 |    28 |    52 ||   112
  Block: Buckler           |    14 |    23 |    35 ||    72

Table legend: (Time is in decaauts)
 A = Elapsed time spent in this place.
 B = Non-inter-level travel time spent in this place.
 C = Inter-level travel time spent in this place.
 D = Time resting spent in this place.
 E = Time spent auto-exploring this place.
 F = Levels seen in this place.
 G = Mean time per level.
                   A        B        C        D        E       F      G
               +--------+--------+--------+--------+--------+-----+--------+
         Total |   4576 |   4347 |    229 |    100 |   3338 |   6 |  762.7 |
       Dungeon |   4576 |   4347 |    229 |    100 |   3338 |   6 |  762.7 |
               +--------+--------+--------+--------+--------+-----+--------+

Top non-repeatable levels by time:
     D:5: 996 daAuts
     D:4: 993 daAuts
     D:2: 936 daAuts
     D:3: 836 daAuts
     D:1: 714 daAuts
     D:6: 99 daAuts
